 Dungeon Crawl Stone Soup version 0.30-a0-578-gdee14c521f (webtiles) character file.

Game seed: 14688870504849420861

5 Crownlay the Charlatan (level 1, 0/13 HPs)
             Began as a Gnoll Wanderer on Dec 31, 2022.
             Slain by a quokka (3 damage)
             ... on level 1 of the Dungeon.
             The game lasted 00:00:48 (231 turns).

Crownlay the Charlatan (Gnoll Wanderer)              Turns: 231, Time: 00:00:49

Health: 0/13       AC:  2    Str: 10    XL:     1   Next: 80%
Magic:  4/4        EV: 11    Int: 12    God:
Gold:   37         SH:  0    Dex: 11    Spells: 4/5 levels left

rFire   . . .      SeeInvis .    a - +0 short sword
rCold   . . .      Faith    .    (no shield)
rNeg    . . .      Spirit   .    d - +0 robe
rPois   .          Reflect  .    (no helmet)
rElec   .          Harm     .    (no cloak)
rCorr   .          Rampage  .    (no gloves)
Will    .....                    (no boots)
Stlth   ++                       (no amulet)
HPRegen 0.22/turn                (no ring)
MPRegen 0.09/turn                (no ring)

@: no status effects
A: fangs 1, strong nose, distributed training
a: no special abilities


You were on level 1 of the Dungeon.
You visited 1 branch of the dungeon, and saw 1 of its levels.

You collected 37 gold pieces.

Inventory:

Hand Weapons
 a - a +0 short sword (weapon)
Armour
 d - a +0 robe (worn)
Wands
 b - a wand of polymorph (5)
Scrolls
 e - 2 scrolls of identify {unknown}
Potions
 c - a potion of lignification
 f - a potion of ambrosia {unknown}
 g - 3 potions of heal wounds {unknown}


   Skills:
 + Level 0.1 Fighting
 + Level 2.4 Short Blades
 + Level 0.1 Long Blades
 + Level 0.1 Axes
 + Level 0.1 Maces & Flails
 + Level 0.1 Polearms
 + Level 0.1 Staves
 + Level 0.1 Ranged Weapons
 + Level 0.1 Throwing
 + Level 0.1 Armour
 + Level 0.1 Dodging
 + Level 2.2 Stealth
 + Level 0.1 Shields
 + Level 0.1 Unarmed Combat
 + Level 2.6 Spellcasting
 + Level 0.1 Conjurations
 + Level 0.1 Hexes
 + Level 0.1 Summonings
 + Level 0.1 Necromancy
 + Level 5.3 Translocations
 + Level 0.1 Transmutations
 + Level 0.1 Fire Magic
 + Level 0.1 Ice Magic
 + Level 0.1 Air Magic
 + Level 0.1 Earth Magic
 + Level 0.1 Poison Magic
 + Level 2.4 Invocations
 + Level 6.4 Evocations


You had 4 spell levels left.
You knew the following spells:

 Your Spells              Type           Power      Damage    Failure   Level
a - Apportation           Tloc           28%        N/A       2%          1

Your spell library contained the following spells:

 Spells                   Type           Power      Damage    Failure   Level
 Blink                    Tloc           28%        N/A       4%          2
 Lesser Beckoning         Tloc           28%        N/A       9%          3


Dungeon Overview and Level Annotations

Branches:
Dungeon (1/15)

Altars:


Innate Abilities, Weirdness & Mutations

You have very sharp teeth.
Your uncanny sense of smell can sniff out nearby items.
Your experience applies equally to all skills.


Message History

The jackal barely misses you.
You hit the jackal but do no damage.
The jackal is almost dead.
The quokka closely misses you. The jackal barely misses you.
You closely miss the jackal.
The jackal is almost dead.
The quokka closely misses you. The jackal bites you.
You miss the jackal.
The jackal is almost dead.
The quokka misses you. The jackal barely misses you.
You hit the jackal but do no damage.
The jackal is almost dead.
The quokka misses you. The jackal barely misses you.
The quokka barely misses you.
You barely miss the quokka. The jackal closely misses you.
The quokka barely misses you. The jackal bites you.
You closely miss the quokka. The jackal bites you.
The quokka closely misses you.
You closely miss the quokka. The jackal misses you.
The quokka closely misses you.
You closely miss the quokka. The jackal barely misses you.
The quokka barely misses you.
You barely miss the quokka. The jackal barely misses you.
The quokka barely misses you.
You hit the quokka.
The quokka is almost dead.
The jackal barely misses you. The quokka closely misses you.
The jackal bites you.
* * * LOW HITPOINT WARNING * * *
You barely miss the quokka.
The quokka is almost dead.
The jackal bites you but does no damage.
The quokka barely misses you.
You closely miss the quokka.
The quokka is almost dead.
The jackal closely misses you. The quokka barely misses you.
You closely miss the quokka.
The quokka is severely wounded.
The jackal closely misses you. The quokka bites you.
You die...

..........§# .###..#.##
....<....### ... ...
.......... ####8##### #.#...#
.###..#.## ### ......
.###...... ..
..#.............## #..
#...... .###.###.. #
##..##.....##. ##.# #.. ...
..l.#r#...... ..# #.. ..#.#..
#..#@#....#####.# #..
.....).##..#h#..........####.
....#.......h................
.......##..#.#...###.....####
...#...#.........###.#..##
....................#..#
#.#.##........#.#....##..#
.........................#
.#..##.###.†...#.###.####


You could see a quokka and 2 jackals.

Vanquished Creatures
  A giant cockroach (D:1)
  A quokka (D:1)
  3 bats (D:1)
5 creatures vanquished.

Notes
Turn   | Place    | Note
-------+----------+-------------------------------------------
     0 | D:1      | Crownlay the Gnoll Wanderer began the quest for the Orb.
     0 | D:1      | Crownlay set off with the following items: a +0 short
                  | sword, a wand of polymorph (5), a potion of lignification,
                  | a +0 robe; and the following spell memorised: Apportation;
                  | and the following spells available to memorise: Blink,
                  | Lesser Beckoning.
     0 | D:1      | Reached XP level 1. HP: 13/13 MP: 4/4
   231 | D:1      | Slain by a quokka

Illustrated notes

Levels and vault maps discovered:
D:1:      heliophobic_arrival_dark_side_of_the_moon, layout_basic

Action                   || total
-------------------------++-------
Melee: Short sword       ||    49
       Bite              ||     5
 Cast: Apportation       ||     2
Armor: Robe              ||    13
Dodge: Dodged            ||    55

Table legend: (Time is in decaauts)
 A = Elapsed time spent in this place.
 B = Non-inter-level travel time spent in this place.
 C = Inter-level travel time spent in this place.
 D = Time resting spent in this place.
 E = Time spent auto-exploring this place.
 F = Levels seen in this place.
 G = Mean time per level.
                   A        B        C        D        E       F      G
               +--------+--------+--------+--------+--------+-----+--------+
         Total |    225 |    225 |      0 |      0 |    143 |   1 |  225.0 |
       Dungeon |    225 |    225 |      0 |      0 |    143 |   1 |  225.0 |
               +--------+--------+--------+--------+--------+-----+--------+

Top non-repeatable levels by time:
     D:1: 225 daAuts
